 Dungeon Crawl Stone Soup version 0.30-a0-737-gf23d94013f (webtiles) character file.

Game seed: 16703638095697704305

474 magipi the Cudgeller (level 7, -4/7 (56) HPs)
             Began as a Gnoll Reaver on Feb 1, 2023.
             Was a Follower of Ru.
             Slain by an orc
             ... wielding a +0 mace
              (6 damage)
             ... on level 4 of the Dungeon.
             The game lasted 00:12:05 (3007 turns).

magipi the Cudgeller (Gnoll Reaver)                 Turns: 3007, Time: 00:12:06

HP:   -4/7 (56)     AC:  7    Str: 11    XL:     7   Next: 10%
MP:   13/15         EV: 11    Int: 15    God:    Ru [*.....]
Gold: 201           SH:  7    Dex: 10    Spells: 16/17 levels left

rFire   . . .      SeeInvis .    a - +0 mace
rCold   . . .      Faith    .    y - +0 kite shield
rNeg    . . .      Spirit   .    q - +4 leather armour of Theory {rPois}
rPois   +          Reflect  .    (no helmet)
rElec   .          Harm     .    (no cloak)
rCorr   +          Rampage  .    (no gloves)
Will    .....                    (no boots)
Stlth   ++                       (no amulet)
HPRegen 0.21/turn                v - +5 ring of evasion
MPRegen 0.14/turn                o - ring of resist corrosion

@: extremely drained
A: fangs 1, reduced EV 1, strong nose, distributed training
a: Renounce Religion


You were on level 4 of the Dungeon.
You worshipped Ru.
Ru was aware of your devotion.
You visited 1 branch of the dungeon, and saw 5 of its levels.

You collected 201 gold pieces.

Inventory:

Hand Weapons
 a - a +0 mace (weapon)
 b - a +1 dagger of freezing
   (You took it off a kobold on level 4 of the Dungeon)
 w - a +0 war axe
   (You took it off an orc on level 4 of the Dungeon)
Missiles
 l - 2 curare-tipped darts
 u - 10 poisoned darts
 x - 2 boomerangs of dispersal (quivered)
Armour
 q - the +4 leather armour of Theory (worn) {rPois}
   (You found it on level 2 of the Dungeon)

   rPois:     It protects you from poison.
 y - a +0 kite shield (worn)
   (You took it off a gnoll sergeant on level 4 of the Dungeon)
Jewellery
 o - a ring of resist corrosion (right hand)
   (You found it on level 4 of the Dungeon)
 v - a +5 ring of evasion (left hand)
   (You found it on level 1 of the Dungeon)
Scrolls
 d - a scroll of butterflies {unknown}
 e - a scroll of fog {unknown}
 f - a scroll of amnesia {unknown}
 m - a scroll of teleportation {unknown}
 n - 2 scrolls of immolation {unknown}
 t - a scroll of enchant armour {unknown}
 z - 6 scrolls of identify {unknown}
Potions
 c - a potion of heal wounds {unknown}
 g - a potion of degeneration {unknown}
 i - 4 potions of curing {unknown}
 j - a potion of might {unknown}
 k - 3 potions of berserk rage {unknown}
 p - a potion of ambrosia {unknown}
 r - a potion of magic {unknown}
 s - 3 potions of cancellation {unknown}


   Skills:
 + Level 5.2 Fighting
 + Level 2.3 Short Blades
 + Level 2.3 Long Blades
 + Level 2.3 Axes
 + Level 7.0 Maces & Flails
 + Level 2.3 Polearms
 + Level 2.3 Staves
 + Level 2.3 Ranged Weapons
 + Level 2.3 Throwing
 + Level 2.3 Armour
 + Level 5.2 Dodging
 + Level 2.3 Stealth
 + Level 2.3 Shields
 + Level 2.3 Unarmed Combat
 + Level 5.5 Spellcasting
 + Level 5.8 Conjurations
 + Level 1.9 Hexes
 + Level 1.9 Summonings
 + Level 1.9 Necromancy
 + Level 1.9 Translocations
 + Level 1.9 Transmutations
 + Level 1.9 Fire Magic
 + Level 1.9 Ice Magic
 + Level 1.9 Air Magic
 + Level 1.9 Earth Magic
 + Level 1.9 Poison Magic
 + Level 2.6 Invocations
 + Level 2.3 Evocations


You had 16 spell levels left.
You knew the following spells:

 Your Spells              Type           Power      Damage    Failure   Level
a - Kiss of Death         Conj/Necr      60%        2d10      13%         1

Your spell library contained the following spells:

 Spells                   Type           Power      Damage    Failure   Level
 Magic Dart               Conj           84%        1d7       6%          1
 Searing Ray              Conj           42%        2d6       9%          2
 Momentum Strike          Conj/Tloc      30%        3d8       21%         2
 Hailstorm                Conj/Ice       15%        3d5       36%         3
 Cigotuvi's Dreadful Rot  Necr/Pois/Air  18%        N/A       41%         2
 Poisonous Vapours        Pois/Air       18%        N/A       41%         2
 Mephitic Cloud           Conj/Pois/Air  13%        N/A       45%         3
 Fulminant Prism          Conj/Hex       7%         3d7       78%         4


Dungeon Overview and Level Annotations

Branches:
Dungeon (5/15)
 Temple: D:4-7

Altars:
Fedhas
Gozag
Nemelex Xobeh
Ru
Wu Jian
The Shining One


Innate Abilities, Weirdness & Mutations

You have very sharp teeth.
You have somewhat slow reflexes. (EV -5)
Your uncanny sense of smell can sniff out nearby items.
Your experience applies equally to all skills.


Message History

There is an open door here.
You now have 177 gold pieces (gained 17).
There is an open door here.
There is an open door here.
Done exploring.
(D) Dungeon
Where to? (Enter - D:3, ? - help)
What level of the Dungeon? (default 1, ? - help)
There is an open door here.
There is an open door here.
There is a stone staircase leading down here.
You climb downwards.
Found 8 gold pieces and a long sword.
Found a stone staircase leading down.
There is a stone staircase leading up here.
You now have 185 gold pieces (gained 8).
There is a stone staircase leading up here.
Okay, then.
Okay, then.
Search for what [? for help]? armo Unknown command.
Found an ornate altar of the Wu Jian Council.
For a moment, you catch a glimpse of warriors who walked this path long ago.
There is an ornate altar of the Wu Jian Council here.
Found a stone staircase leading up.
z - 6 scrolls labelled VIUVYI LIGYI (gained 1)
Found 16 gold pieces.
There is a stone staircase leading up here.
You now have 201 gold pieces (gained 16).
Found an opulent altar of Gozag.
There is an opulent altar of Gozag here.
An adder comes into view.
The adder hisses angrily.
An orc comes into view. It is wielding a +0 mace.
An orc comes into view. It is wielding a +0 short sword.
The orc shouts!
A hound comes into view.
An orc wizard comes into view. It is wielding a +0 dagger.
Unknown command.
The hound barks!
You hear a shout!
The adder bites you. x2
You block the adder's attack. The adder attacks as you move away!
You block the adder's attack.
Casting: Kiss of Death (safe; 14% risk of failure)
Confirm with . or Enter, or press ? or * to list all spells.
Aiming: Kiss of Death (safe; 14% risk of failure)
Press: ? - help, Shift-Dir - straight line, f - adder
Aim: an adder (100% to hit)
The negative energy hits the adder!
The adder is drained!
You kill the adder!
You feel drained.
Unknown command.
Unknown command.
You closely miss the hound. You block the hound's attack.
Casting: Kiss of Death (safe; 14% risk of failure)
Confirm with . or Enter, or press ? or * to list all spells.
Aiming: Kiss of Death (safe; 14% risk of failure)
Press: ? - help, Shift-Dir - straight line, f - hound
Aim: a hound (100% to hit)
The negative energy hits the hound!!
The hound is drained!
You kill the hound!
You feel drained.
Your Maces & Flails skill increases to level 7!
You have reached level 7!
The orc attacks as you move away! The orc hits you but does no damage.
The orc attacks as you move away! You block the orc's attack.
The orc attacks as you move away! The orc barely misses you.
An iguana comes into view.
The iguana hisses angrily.
The orc attacks as you move away! You block the orc's attack.
There is a stone staircase leading up here.
Unknown command.
Unknown command.
You block the iguana's attack. You block the orc's attack.
You climb upwards.
There is a stone staircase leading down here.
Unknown command.
Casting: Kiss of Death (safe; 14% risk of failure)
Confirm with . or Enter, or press ? or * to list all spells.
Aiming: Kiss of Death (safe; 14% risk of failure)
Press: ? - help, Shift-Dir - straight line, f - iguana
Aim: an iguana (100% to hit)
The negative energy hits the iguana!
The iguana is drained!
The iguana is almost dead.
You feel drained. The iguana barely misses you. You block the orc's attack.
Unknown command.
Casting: Kiss of Death (safe; 14% risk of failure)
Confirm with . or Enter, or press ? or * to list all spells.
Aiming: Kiss of Death (safe; 14% risk of failure)
Press: ? - help, Shift-Dir - straight line, f/p - iguana
Aim: an iguana (almost dead, heavily drained, 100% to hit)
The negative energy hits the iguana.
The iguana is drained!
You kill the iguana!
You feel drained. The orc barely misses you.
Unknown command.
You barely miss the orc. You block the orc's attack.
You hit the orc but do no damage. You block the orc's attack.
You hit the orc but do no damage. You block the orc's attack.
The orc hits you with a +0 mace.
Ouch! That really hurt!
You die...

'.............)......#####
###########.#............#
#####.......#..####.####.#
.......####.........# #.#
.......# #.#.#.########.#
.......# #.#............#
.......# #.#.############
.......####....o.†.#
.......'........@#.#####
.......#........)).....#
.......#.####.##.#.###.#
.......#.#.....#)#.# #.#
.#.##....#.#...#[#.###.#
.#..#........<.#.#.#...#
...##..###.#...#<.)#.####
...##..# #.##....#......#
_..'...# #.##....#...##.#


You could see an orc.

Vanquished Creatures
  A gnoll sergeant (D:4)
  A scorpion (D:4)
  A crimson imp (D:4)
  An orc priest (D:4)
  2 hounds
  An iguana (D:4)
  5 gnolls
  5 adders
  2 worms
  4 dart slugs
  4 orcs (D:4)
  5 endoplasms
  6 giant cockroaches
  8 goblins
  9 hobgoblins
  3 jackals (D:4)
  3 quokkas
  8 ball pythons
  6 bats
  4 frilled lizards
  A hobgoblin zombie (D:4)
  12 kobolds
  2 kobold skeletons (D:4)
  2 kobold zombies (D:4)
  An orc skeleton (D:4)
  3 orc zombies (D:4)
  4 rats
104 creatures vanquished.

Notes
Turn   | Place    | Note
-------+----------+-------------------------------------------
     0 | D:1      | magipi the Gnoll Reaver began the quest for the Orb.
     0 | D:1      | Reached XP level 1. HP: 20/20 MP: 6/6
   130 | D:1      | Found a faded altar of an unknown god.
   285 | D:1      | Reached XP level 2. HP: 24/26 MP: 7/7
   475 | D:1      | Reached skill level 5 in Spellcasting
   475 | D:1      | Reached XP level 3. HP: 29/31 MP: 7/9
   585 | D:2      | Found a sacrificial altar of Ru.
   636 | D:2      | Reached skill level 1 in Invocations
   676 | D:2      | Became a worshipper of Ru the Awakened
   691 | D:2      | Reached skill level 1 in Short Blades
   691 | D:2      | Reached skill level 1 in Long Blades
   691 | D:2      | Reached skill level 1 in Axes
   691 | D:2      | Reached skill level 1 in Polearms
   691 | D:2      | Reached skill level 1 in Staves
   691 | D:2      | Reached skill level 1 in Ranged Weapons
   691 | D:2      | Reached skill level 1 in Throwing
   691 | D:2      | Reached skill level 1 in Armour
   691 | D:2      | Reached skill level 1 in Stealth
   691 | D:2      | Reached skill level 1 in Shields
   691 | D:2      | Reached skill level 1 in Unarmed Combat
   691 | D:2      | Reached skill level 1 in Evocations
   872 | D:2      | Identified the +4 leather armour of Theory {rPois}
   918 | D:2      | Reached XP level 4. HP: 36/38 MP: 11/11
  1308 | D:3      | Reached skill level 1 in Hexes
  1308 | D:3      | Reached skill level 1 in Summonings
  1308 | D:3      | Reached skill level 1 in Necromancy
  1308 | D:3      | Reached skill level 1 in Translocations
  1308 | D:3      | Reached skill level 1 in Transmutations
  1308 | D:3      | Reached skill level 1 in Fire Magic
  1308 | D:3      | Reached skill level 1 in Ice Magic
  1308 | D:3      | Reached skill level 1 in Air Magic
  1308 | D:3      | Reached skill level 1 in Earth Magic
  1308 | D:3      | Reached skill level 1 in Poison Magic
  1315 | D:3      | Found a blossoming altar of Fedhas.
  1667 | D:4      | Gained mutation: You have somewhat slow reflexes. (EV -5)
                  | [Ru sacrifice]
  1667 | D:4      | Reached * piety under Ru
  1672 | D:4      | Found a glowing golden altar of the Shining One.
  1717 | D:4      | Reached XP level 5. HP: 30/36 MP: 12/12
  1950 | D:4      | Reached XP level 6. HP: 40/43 MP: 12/14
  2022 | D:4      | Reached skill level 5 in Fighting
  2022 | D:4      | Reached skill level 5 in Dodging
  2079 | D:4      | Found a sparkling altar of Nemelex Xobeh.
  2898 | D:5      | Entered Level 5 of the Dungeon
  2908 | D:5      | Found an ornate altar of the Wu Jian Council.
  2913 | D:5      | Noticed a spectral centipede
  2913 | D:5      | Noticed a spectral black mamba
  2913 | D:5      | Noticed a spectral cane toad
  2958 | D:5      | Found an opulent altar of Gozag.
  2993 | D:5      | Reached skill level 7 in Maces & Flails
  2993 | D:5      | Reached XP level 7. HP: 3/9 MP: 13/15
  3007 | D:4      | Slain by an orc

Illustrated notes

Levels and vault maps discovered:
D:1:      wander_arrival_estate, layout_basic, basic_ecumenical_altar
D:2:      minmay_chambers_of_ones, layout_basic, basic_altar,
          minmay_misc_feat_ornament
D:3:      layout_rooms, lemuel_coloured_pillars_altar
D:4:      layout_basic, nicolae_tso_besieged_by_evil,
          nemelex_spade_bored_becter, minmay_goblin_outpost
D:5:      minmay_angry_zag, layout_basic, lemuel_doored_altar,
          grunt_gozag_statues, pdpol_wu_jian_five_deadly_venoms, uniq_menkaure

Skill      XL: |  1  2  3  4  5  6 |
---------------+-------------------+-----
Spellcasting   | 5 |  5.5
Invocations    | 1 2 |  2.6
Short Blades   | 1 2 |  2.3
Long Blades    | 1 2 |  2.3
Axes           | 1 2 |  2.3
Polearms       | 1 2 |  2.3
Staves         | 1 2 |  2.3
Ranged Weapons | 1 2 |  2.3
Throwing       | 1 2 |  2.3
Armour         | 1 2 |  2.3
Stealth        | 1 2 |  2.3
Shields        | 1 2 |  2.3
Unarmed Combat | 1 2 |  2.3
Evocations     | 1 2 |  2.3
Hexes          | 1 |  1.9
Summonings     | 1 |  1.9
Necromancy     | 1 |  1.9
Translocations | 1 |  1.9
Transmutations | 1 |  1.9
Fire Magic     | 1 |  1.9
Ice Magic      | 1 |  1.9
Air Magic      | 1 |  1.9
Earth Magic    | 1 |  1.9
Poison Magic   | 1 |  1.9
Fighting       | 5 |  5.2
Dodging        | 5 |  5.2
Maces & Flails | 7 |  7.0
Conjurations   | |  5.8

Action                     |  1- 3 |  4- 6 |  7- 9 || total
---------------------------+-------+-------+-------++-------
  Melee: Mace              |    94 |   200 |     3 ||   297
         Bite              |     9 |    15 |       ||    24
         Punch             |     1 |     6 |       ||     7
  Throw: Dart              |       |     2 |       ||     2
         Boomerang         |       |     2 |       ||     2
   Cast: Kiss of Death     |     1 |    12 |     2 ||    15
 Invoke: Sacrifice Health  |       |     1 |       ||     1
   Stab: Sleeping          |       |     2 |       ||     2
 Armour: Leather armour    |    11 |    50 |     1 ||    62
  Dodge: Dodged            |    82 |   142 |     3 ||   227
  Block: Kite shield       |       |     9 |     8 ||    17

Table legend: (Time is in decaauts)
 A = Elapsed time spent in this place.
 B = Non-inter-level travel time spent in this place.
 C = Inter-level travel time spent in this place.
 D = Time resting spent in this place.
 E = Time spent auto-exploring this place.
 F = Levels seen in this place.
 G = Mean time per level.
                   A        B        C        D        E       F      G
               +--------+--------+--------+--------+--------+-----+--------+
         Total |   3027 |   2920 |    107 |      4 |   1160 |   5 |  605.4 |
       Dungeon |   3027 |   2920 |    107 |      4 |   1160 |   5 |  605.4 |
               +--------+--------+--------+--------+--------+-----+--------+

Top non-repeatable levels by time:
     D:4: 1267 daAuts
     D:2: 623 daAuts
     D:1: 567 daAuts
     D:3: 464 daAuts
     D:5: 103 daAuts
